 Dungeon Crawl Stone Soup version 0.19-a0-1193-g2641e52 (webtiles) character file.

41 PurpleRed the Conjurer (level 3, -3/28 HPs)
             Began as a Deep Elf Conjurer on Aug 19, 2016.
             Killed from afar by a white imp (13 damage)
             ... with a puff of frost
             ... summoned by Eustachio
             ... on level 4 of the Dungeon.
             The game lasted 00:03:48 (614 turns).

PurpleRed the Conjurer (Deep Elf Conjurer)           Turns: 614, Time: 00:03:48

Health: -3/28      AC:  2    Str: 10    XL:     3   Next: 32%
Magic:  2/10       EV: 13    Int: 20    God:
Gold:   80         SH:  0    Dex: 15    Spells: 2 memorised, 6 levels left

rFire  . . .     SeeInvis .     i - -3 mace (curse)
rCold  . . .     Gourm    .     a - +0 robe
rNeg   . . .     Faith    .     (no shield)
rPois  .         Spirit   .     (no helmet)
rElec  .         Dismiss  .     (no cloak)
rCorr  .         Reflect  .     (no gloves)
MR     .....     Harm     .     (no boots)
Stlth  ..........               h - amulet of rage
                                (no ring)
                                (no ring)

@: berserking, very quick
A: no striking features
a: Evoke Berserk Rage


You were on level 4 of the Dungeon.
You were not hungry.

You visited 1 branch of the dungeon, and saw 4 of its levels.

You collected 80 gold pieces.

Inventory:

Hand Weapons
 e - a +0 club
 g - a cursed -2 dagger
 i - a cursed -3 mace (weapon)
 o - a +0 flail
Armour
 a - a +0 robe (worn)
Jewellery
 h - an amulet of rage (around neck)
Scrolls
 d - a scroll of identify {unknown}
 l - 2 scrolls of enchant weapon {unknown}
 p - a scroll of magic mapping {unknown}
 q - a scroll of blinking {unknown}
Potions
 j - a potion of heal wounds {unknown}
 k - a potion of curing {unknown}
 m - a potion of lignification {unknown}
Books
 b - a book of Conjurations

   Spells                             Type                      Level
   a - Magic Dart                     Conjuration                  1
   b - Searing Ray                    Conjuration                  2
   c - Dazzling Spray                 Conjuration/Hexes            3
   d - Fulminant Prism                Conjuration/Hexes            4
   e - Iskenderun's Mystic Blast      Conjuration                  4
   f - Iskenderun's Battlesphere      Conjuration/Charms           5
Comestibles
 c - a bread ration
 f - a meat ration
 n - 3 chunks of flesh


   Skills:
 + Level 2.9 Dodging
 + Level 2.9 Stealth
 + Level 3.8 Spellcasting
 + Level 4.8 Conjurations


You had 6 spell levels left.
You knew the following spells:

 Your Spells              Type           Power        Failure   Level  Hunger
a - Magic Dart            Conj           ###.         1%          1    None
b - Searing Ray           Conj           ###...       2%          2    ##.....


Dungeon Overview and Level Annotations

Branches:
Dungeon (4/15)
 Temple: D:4-7

Altars:

Annotations:
D:4 Eustachio


Message History

The bat hits you but does no damage. Eustachio misses you. The rat misses you.
You closely miss Eustachio.
Eustachio is heavily wounded.
The bat closely misses you. Eustachio hits you with a falchion!
The rat closely misses you.
You hit Eustachio.
Eustachio is severely wounded.
The bat completely misses you.
Eustachio mumbles some strange words.
The bat completely misses you. The rat bites you but does no damage.
You barely miss Eustachio.
Eustachio is severely wounded.
The rat disappears in a puff of smoke!
The bat hits you.
Eustachio zaps a wand.
You resist with some effort.
You sock Eustachio!
Eustachio is almost dead.
The bat closely misses you. The white imp gestures at you.
The puff of frost hits you!
You die...

#.....'.⌠..#
#.....#..⌠.#
..#...†.#....# ?
...(.[..######..
.................
.......##.r...<...
.......##.r.r.....
.......##5@##+#..#
.... #@b# . ...
#..# #..# #..#
#..# #... #.## #.#


You could see Eustachio, a river rat, a white imp, a quokka, a bat and a rat.

Vanquished Creatures
  2 adders (D:2)
  A worm (D:4)
  An orc (D:3)
  2 giant cockroaches
  A goblin (D:1)
  2 hobgoblins (D:1)
  4 bats
  3 kobolds (D:1)
  4 rats
20 creatures vanquished.

Notes
Turn   | Place    | Note
-------+----------+-------------------------------------------
     0 | D:1      | PurpleRed the Deep Elf Conjurer began the quest for the Orb.
     0 | D:1      | Reached XP level 1. HP: 10/10 MP: 6/6
   173 | D:1      | Reached XP level 2. HP: 15/15 MP: 1/8
   181 | D:1      | Learned a level 2 spell: Searing Ray
   324 | D:2      | Reached XP level 3. HP: 13/19 MP: 2/10
   588 | D:4      | Noticed Eustachio
   614 | D:4      | Killed from afar by a white imp

Vault maps used:
D:1:      saegor_arrival_simple_f
D:2:      minmay_door_path, kiku_gazebo_garden_becter
D:3:      tgw_trog, kennysheep_minor_cross
D:4:      old_standard_altar, kennysheep_generic_room_14, uniq_eustachio,
          uniq_robin

Action                   || total
-------------------------++-------
Melee: Mace              ||    36
 Cast: Magic Dart        ||    27
       Searing Ray       ||     5
 Abil: Evoke Berserk Rag ||     2
 Stab: Sleeping          ||     1
Armor: Robe              ||    10
Dodge: Dodged            ||    60
